 Dungeon Crawl Stone Soup version 0.26-a0-660-gc07710193c (webtiles) character file.

Game seed: 8541615309297698896

7399 tacoguy the Summoner (level 10, -3/83 HPs)
             Began as a Demigod Summoner on Oct 7, 2020.
             Slain by a redback (4 damage)
             ... on level 1 of the Spider Nest.
             The game lasted 01:29:01 (16588 turns).

tacoguy the Summoner (Demigod Summoner)            Turns: 16588, Time: 01:29:01

Health: -3/83      AC: 10    Str: 11    XL:     10   Next: 61%
Magic:  2/26       EV: 11    Int: 25    God:
Gold:   317        SH:  0    Dex: 22    Spells: 12/26 levels left

rFire    + . .     SeeInvis .   A - +3 quarterstaff (chaos)
rCold    + . .     Faith    .   (shield currently unavailable)
rNeg     . . .     Spirit   .   z - +0 swamp dragon scales
rPois    +         Reflect  .   (no helmet)
rElec    +         Harm     .   x - scarf {repulsion}
rCorr    +         Rampage  .   e - +0 pair of gloves
MR       +....                  (no boots)
Stlth    ++........             H - amulet of magic regeneration
HPRegen  0.23/turn              o - ring of wizardry
MPRegen  0.45/turn              p - +6 ring of dexterity

@: resistant, stab, repel missiles
A: high mp 1
a: no special abilities


You were on level 1 of the Spider Nest.
You visited 4 branches of the dungeon, and saw 12 of its levels.

You collected 549 gold pieces.
You spent 232 gold pieces at shops.

Inventory:

Hand Weapons
 A - a +3 quarterstaff of chaos (weapon)
Armour
 b - a +0 robe of magic resistance
 e - a +0 pair of gloves (worn)
 u - a +0 cloak
 x - a scarf of repulsion (worn)
 z - +0 swamp dragon scales (worn)
Jewellery
 o - a ring of wizardry (left hand)
 p - a +6 ring of dexterity (right hand)
 E - an uncursed ring of see invisible
 H - an amulet of magic regeneration (around neck)
 I - an uncursed amulet of faith
Wands
 i - a wand of polymorph (5)
 m - a wand of digging (2)
 w - a wand of flame (28)
 y - a wand of disintegration (10)
 C - a wand of iceblast (16)
Scrolls
 c - a scroll of fog {unknown}
 d - 2 scrolls of amnesia
 h - a scroll of enchant weapon {unknown}
 j - a scroll of magic mapping {unknown}
 r - 4 scrolls of remove curse {unknown}
 t - a scroll of enchant armour {unknown}
Potions
 a - 2 potions of cancellation {unknown}
 f - 4 potions of berserk rage
 l - a potion of might {unknown}
 q - 3 potions of flight
 s - a potion of magic {unknown}
 D - a potion of brilliance {unknown}
Miscellaneous
 G - a lightning rod (4/4)


   Skills:
 + Level 5.8 Fighting
 + Level 5.5 Armour
 - Level 1.8 Dodging
 - Level 1.8 Stealth
 + Level 8.6 Spellcasting
 + Level 10.0 Summonings


You had 12 spell levels left.
You knew the following spells:

 Your Spells              Type           Power        Failure   Level
a - Call Canine Familiar  Summ           ######..     1%          3
b - Call Imp              Summ           ######..     1%          2
c - Summon Ice Beast      Ice/Summ       #####...     6%          4
d - Fireball              Conj/Fire      ##........   77%         5

Your spell library contained the following spells:

 Spells                   Type           Power        Failure   Level
 Summon Small Mammal      Summ           ####         1%          1
 Summon Guardian Golem    Hex/Summ       #####...     1%          3
 Foxfire                  Conj/Fire      ##..         4%          1
 Summon Lightning Spire   Summ/Air       #####...     6%          4
 Conjure Flame            Conj/Fire      ##......     16%         3
 Inner Flame              Hex/Fire       ##......     16%         3
 Sticky Flame             Conj/Fire      ##......     43%         4


Dungeon Overview and Level Annotations

Branches:
Dungeon (8/15)             Temple (1/1) D:6            Lair (2/6) D:8
 Spider (1/4) Lair:2
  Swamp: Lair:2-4    Shoals: Lair:2-4

Shops:
D:5 [


Innate Abilities, Weirdness & Mutations

You have an increased reservoir of magic. (+10% MP)


Message History

The wolf spider barely misses you. The wolf spider closely misses you.
The redback barely misses your ice beast.
The redback bites your crimson imp.
Your crimson imp hits the redback.
Your ice beast hits the jumping spider.
Your ice beast freezes the jumping spider!
The jumping spider dies!
The redback bites you!
* * * LOW HITPOINT WARNING * * *
You swap places.
The wolf spider hits you!
* * * LOW HITPOINT WARNING * * *
The wolf spider barely misses you. The redback bites your crimson imp!
Your crimson imp dies!
The wolf spider hits you but does no damage.
The wolf spider misses you.
Your crimson imp hits the wolf spider but does no damage.
Unknown command.
It was a potion of resistance.
You feel protected. The redback bites you.
You die...

#... ###..#
....# ##....
#.°.#....##
#... ..... .
.... #..#
..###...##.@##
.......sss5# #
#...##.Ys##
#...#s.##.s.##
#....s.s..#
#...^##....##
#..# #....# ##
......#
......###


You could see a wolf spider, 2 orb spiders, a jumping spider, 3 redbacks, a
friendly ice beast (summoned) and a friendly crimson imp (summoned).

Vanquished Creatures
  3 jumping spiders (Spider:1)
  3 redbacks (Spider:1)
  A tarantella (Spider:1)
  An orc warrior (D:7)
  2 wolves (Lair:1)
  A bullfrog (D:7)
  A shadow imp (D:5)
  A leopard gecko (D:6)
  2 orcs
  2 bats
  A hobgoblin (D:1)
  A jackal (D:6)
  2 kobolds
21 creatures vanquished.

Vanquished Creatures (collateral kills)
  A boulder beetle (Spider:1)
  3 orb spiders (Spider:1)
  Pikel (D:7)
  3 wolf spiders (Spider:1)
  Joseph (Lair:1)
  A black mamba (Lair:1)
  2 cane toads (Lair:1)
  A demonic crawler (Lair:2)
  Maggie (D:7)
  5 komodo dragons (Lair:1)
  2 jumping spiders (Spider:1)
  Grinder (D:5)
  A blink frog (Lair:1)
  4 redbacks (Spider:1)
  3 tarantellas (Spider:1)
  An orc warrior (D:6)
  3 sky beasts
  5 black bears (Lair:1)
  2 centaurs
  4 wolves (Lair:1)
  2 ogres
  2 lemures (D:7)
  4 nameless horrors
  A big kobold (D:7)
  6 bullfrogs
  A wyvern skeleton (D:6)
  6 scorpions
  7 wights (D:4)
  2 centaur skeletons (D:7)
  4 orc priests
  Crazy Yiuf (D:5)
  3 hounds
  4 orc wizards
  2 iguanas
  5 worker ants
  3 hound skeletons
  11 adders
  2 shadow imps (D:5)
  2 white imps
  An ufetubus (D:6)
  An ooze (D:3)
  An adder skeleton (D:6)
  3 worms
  2 dart slugs
  A leopard gecko (D:1)
  43 orcs
  2 ball pythons (D:2)
  8 giant cockroaches
  4 goblins
  7 hobgoblins
  5 jackals
  8 kobolds
  4 quokkas
  4 bats
  4 rats
211 creatures vanquished.

Vanquished Creatures (others)
  7 fungi
  3 plants
10 creatures vanquished.

Grand Total: 242 creatures vanquished

Notes
Turn   | Place    | Note
-------+----------+-------------------------------------------
     0 | D:1      | tacoguy the Demigod Summoner began the quest for the Orb.
     0 | D:1      | Reached XP level 1. HP: 14/14 MP: 5/5
   601 | D:1      | Reached XP level 2. HP: 20/20 MP: 1/7
   659 | D:1      | Learned a level 2 spell: Call Imp
   795 | D:1      | Reached skill level 4 in Summonings
  1329 | D:2      | Found a faded altar of an unknown god.
  1533 | D:2      | Found an ornate altar of the Wu Jian Council.
  2417 | D:3      | Reached XP level 3. HP: 26/26 MP: 3/9
  2744 | D:3      | Noticed a bullfrog
  2753 | D:3      | Killed a bullfrog
  2879 | D:3      | Reached XP level 4. HP: 33/33 MP: 4/11
  4360 | D:3      | Learned a level 3 spell: Call Canine Familiar
  4760 | D:4      | Reached skill level 5 in Summonings
  4970 | D:4      | Reached XP level 5. HP: 30/38 MP: 3/13
  5571 | D:4      | Learned a level 4 spell: Summon Ice Beast
  5755 | D:4      | Reached XP level 6. HP: 45/45 MP: 4/15
  6280 | D:5      | Entered Level 5 of the Dungeon
  6303 | D:5      | Reached skill level 6 in Summonings
  6377 | D:5      | Found Fejuax's Antique Armour Emporium.
  6945 | D:5      | Noticed Grinder
  6985 | D:5      | Killed Grinder
  6985 | D:5      | Reached XP level 7. HP: 50/50 MP: 1/17
  7095 | D:5      | Bought a glowing scarf for 232 gold pieces
  7332 | D:5      | Found a runed translucent door.
  7333 | D:5      | Noticed Crazy Yiuf
  7440 | D:5      | Killed Crazy Yiuf
  8012 | D:6      | Noticed a nameless horror
  8224 | D:6      | Killed a nameless horror
  8388 | D:6      | Reached skill level 5 in Spellcasting
  8601 | D:6      | Found an ancient bone altar of Kikubaaqudgha.
  9327 | D:6      | Found a bloodstained altar of Trog.
  9327 | D:6      | Found a hide-covered altar of Uskayaw.
  9391 | D:6      | Found a staircase to the Ecumenical Temple.
  9552 | Temple   | Entered the Ecumenical Temple
 10015 | D:7      | Reached skill level 7 in Summonings
 10563 | D:7      | Noticed Pikel
 10583 | D:7      | Killed Pikel
 10583 | D:7      | Reached XP level 8. HP: 32/57 MP: 6/20
 11339 | D:7      | Reached skill level 8 in Summonings
 11523 | D:7      | Noticed Maggie
 11535 | D:7      | Killed Maggie
 11535 | D:7      | Reached skill level 1 in Fighting
 12600 | D:8      | Found a staircase to the Lair.
 12636 | Lair:1   | Entered Level 1 of the Lair of Beasts
 12651 | Lair:1   | Noticed a cane toad
 12651 | Lair:1   | Noticed a blink frog
 12651 | Lair:1   | Noticed a komodo dragon
 12680 | Lair:1   | Noticed a cane toad
 12687 | Lair:1   | Killed a cane toad
 12782 | Lair:1   | Killed a blink frog
 12782 | Lair:1   | Reached skill level 1 in Armour
 12972 | Lair:1   | Killed a cane toad
 13148 | Lair:1   | Noticed a komodo dragon
 13164 | Lair:1   | Killed a komodo dragon
 13164 | Lair:1   | Reached XP level 9. HP: 68/68 MP: 4/23
 13311 | Lair:1   | Noticed a black mamba
 13321 | Lair:1   | Killed a black mamba
 13442 | Lair:1   | Noticed a komodo dragon
 13459 | Lair:1   | Killed a komodo dragon
 13646 | Lair:1   | Noticed a komodo dragon
 13649 | Lair:1   | Noticed Joseph
 13655 | Lair:1   | Killed a komodo dragon
 13828 | Lair:1   | Killed Joseph
 13938 | Lair:1   | Noticed a komodo dragon
 13965 | Lair:1   | Killed a komodo dragon
 13965 | Lair:1   | Reached skill level 9 in Summonings
 14085 | Lair:1   | Killed a komodo dragon
 14946 | Lair:2   | Learned a level 5 spell: Fireball
 15196 | Lair:2   | Noticed a demonic crawler
 15218 | Lair:2   | Killed a demonic crawler
 15290 | Lair:2   | Found a hole to the Spider Nest.
 15321 | Spider:1 | Entered Level 1 of the Spider Nest
 15360 | Spider:1 | Noticed a wolf spider
 15366 | Spider:1 | Killed a wolf spider
 15663 | Spider:1 | Noticed a boulder beetle
 15720 | Spider:1 | Reached XP level 10. HP: 9/80 MP: 2/26
 15726 | Spider:1 | Killed a boulder beetle
 16095 | Spider:1 | Noticed a wolf spider
 16100 | Spider:1 | Killed a wolf spider
 16113 | Spider:1 | Reached skill level 5 in Fighting
 16160 | Spider:1 | Noticed an orb spider
 16184 | Spider:1 | Killed an orb spider
 16196 | Spider:1 | Noticed a wolf spider
 16207 | Spider:1 | Killed a wolf spider
 16207 | Spider:1 | Reached skill level 5 in Armour
 16247 | Spider:1 | Noticed an orb spider
 16287 | Spider:1 | Killed an orb spider
 16486 | Spider:1 | Noticed an orb spider
 16498 | Spider:1 | Killed an orb spider
 16501 | Spider:1 | Noticed a wolf spider
 16543 | Spider:1 | Reached skill level 10 in Summonings
 16550 | Spider:1 | Noticed an entropy weaver
 16573 | Spider:1 | Noticed an orb spider
 16574 | Spider:1 | Noticed an orb spider
 16578 | Spider:1 | Noticed a wolf spider
 16587 | Spider:1 | HP: 1/83 [wolf spider (7)]
 16588 | Spider:1 | Slain by a redback

Illustrated notes

Levels and vault maps discovered:
D:1:      zaba_arrival_water, layout_basic
D:2:      layout_loops_corners, nicolae_overflow_crystal_walls,
          chequers_ecumenical_altar_simple_redux
D:3:      layout_basic
D:4:      layout_cave_pools
D:5:      layout_basic, serial_shops, nicolae_shop_overgrown_old_shop,
          uniq_crazy_yiuf_cottage, uniq_grinder
D:6:      layout_rooms, gammafunk_temple_overflow_elements, old_standard_altar,
          minmay_temple_entry_junction
D:7:      layout_basic, uniq_maggie, uniq_pikel
D:8:      layout_layer_cave, lair_entry_dummy, serial_shops, shop
Temple:   dpeg_five_rooms_temple
Lair:1:   layout_cave_pods, st_stairs_4, beast_lair_carwin_10, uniq_joseph
Lair:2:   layout_loops_ring, nicolae_spider_entry_non_spiders, enter_volcano_3
Spider:1: layout_spider_delve, hangedman_spider_tarantella_strand

Skill      XL: |  1  2  3  4  5  6  7  8  9 10 |
---------------+-------------------------------+-----
Spellcasting   | 2 3 4 6 7 8 |  8.6
Summonings     | 4 5 6 7 8 9 10 | 10.0
Fighting       | 2 4 5 |  5.8
Armour         | 2 4 5 |  5.5
Dodging        | |  1.8
Stealth        | |  1.8

Action                   |  1- 3 |  4- 6 |  7- 9 | 10-12 || total
-------------------------+-------+-------+-------+-------++-------
Melee: Dagger            |     9 |       |       |       ||     9
       Unarmed           |     2 |       |       |       ||     2
       Short sword       |     1 |       |       |       ||     1
       Staff             |     3 |    22 |       |       ||    25
       Mace              |       |     5 |     5 |       ||    10
       Quarterstaff      |       |       |    36 |    20 ||    56
 Cast: Summon Small Mamm |    41 |       |       |       ||    41
       Call Imp          |    39 |    59 |    76 |    33 ||   207
       Call Canine Famil |       |    19 |    52 |    11 ||    82
       Summon Ice Beast  |       |    11 |    86 |    15 ||   112
Evoke: Wand              |       |       |     1 |     3 ||     4
  Use: Scroll            |     7 |       |    11 |     4 ||    22
       Potion            |       |     4 |     5 |     4 ||    13
 Stab: Distracted        |       |     1 |     1 |     2 ||     4
       Sleeping          |       |     1 |       |       ||     1
       Invisible         |       |     1 |       |       ||     1
       Paralysed         |       |       |     4 |       ||     4
Armor: Robe              |     4 |     8 |     5 |       ||    17
       Swamp dragon scal |       |       |    24 |    31 ||    55
Dodge: Dodged            |    34 |    51 |    90 |    36 ||   211

Table legend: (Time is in decaauts)
 A = Elapsed time spent in this place.
 B = Non-inter-level travel time spent in this place.
 C = Inter-level travel time spent in this place.
 D = Time resting spent in this place.
 E = Time spent auto-exploring this place.
 F = Levels seen in this place.
 G = Mean time per level.
                   A        B        C        D        E       F      G
               +--------+--------+--------+--------+--------+-----+--------+
         Total |  16616 |  16085 |    531 |   8738 |   4621 |  12 | 1384.7 |
       Dungeon |  12411 |  12134 |    277 |   6634 |   3547 |   8 | 1551.4 |
        Temple |    244 |    193 |     51 |      0 |    188 |   1 |  244.0 |
          Lair |   2687 |   2557 |    130 |   1307 |    789 |   2 | 1343.5 |
   Spider Nest |   1273 |   1200 |     73 |    797 |     97 |   1 | 1273.0 |
               +--------+--------+--------+--------+--------+-----+--------+

Top non-repeatable levels by time:
     D:7: 2592 daAuts
     D:3: 2272 daAuts
  Lair:1: 2255 daAuts
     D:5: 1927 daAuts
     D:4: 1780 daAuts
     D:6: 1361 daAuts
     D:2: 1358 daAuts
Spider:1: 1273 daAuts
     D:1: 879 daAuts
  Lair:2: 432 daAuts
  Temple: 244 daAuts
     D:8: 238 daAuts
